 Dungeon Crawl Stone Soup version 0.28.0-43-g3370ac3207 (webtiles) character file.

Game seed: 8847845890484466447

7 pkoi the Gusty (level 1, -1/14 HPs)
             Began as a Demigod Air Elementalist on Mar 26, 2022.
             Frozen to death by an endoplasm (5 damage)
             ... on level 1 of the Dungeon.
             The game lasted 00:00:51 (252 turns).

pkoi the Gusty (Demigod Air Elementalist)            Turns: 252, Time: 00:00:51

Health: -1/14      AC:  2    Str:  9    XL:     1   Next: 73%
Magic:  1/5        EV: 12    Int: 17    God:
Gold:   17         SH:  0    Dex: 14    Spells: 2/3 levels left

rFire   . . .      SeeInvis .   e - +0 short sword
rCold   . . .      Faith    .   (no shield)
rNeg    . . .      Spirit   .   a - +0 robe
rPois   .          Reflect  .   (no helmet)
rElec   .          Harm     .   (no cloak)
rCorr   .          Rampage  .   (no gloves)
Will    .....                   (no boots)
Stlth   ++........              (no amulet)
HPRegen 0.04/turn               (no ring)
MPRegen 0.09/turn               (no ring)

@: no status effects
A: high MP 1, forlorn, divine attributes
a: no special abilities


You were on level 1 of the Dungeon.
You visited 1 branch of the dungeon, and saw 1 of its levels.

You collected 17 gold pieces.

Inventory:

Hand Weapons
 c - a +0 club
 d - a +0 falchion
 e - a +0 short sword (weapon)
Armour
 a - a +0 robe (worn)
Scrolls
 b - a scroll of enchant armour {unknown}


   Skills:
 - Level 1.7 Dodging
 - Level 1.7 Stealth
 - Level 1.7 Spellcasting
 - Level 0.8 Conjurations
 + Level 3.2 Air Magic


You had 2 spell levels left.
You knew the following spells:

 Your Spells              Type           Power      Damage    Failure   Level
a - Shock                 Conj/Air       32%        1d5       9%          1

Your spell library contained the following spells:

 Spells                   Type           Power      Damage    Failure   Level
 Static Discharge         Conj/Air       8%         N/A       13%         2
 Swiftness                Air            12%        N/A       16%         3
 Airstrike                Air            6%         N/A       45%         4


Dungeon Overview and Level Annotations

Branches:
Dungeon (1/15)


Innate Abilities, Weirdness & Mutations

You have an increased reservoir of magic. (+10% MP)
You shall have no god before yourself.
Your divine heritage dramatically boosts your attributes as you level up.


Message History

Aiming: Shock (safe; 9% risk of failure)
Press: ? - help, Q - select action Shift-Dir - straight line The zap hits the hobgoblin.
The hobgoblin is severely wounded.
The zap hits the hobgoblin.
The hobgoblin is almost dead.
The hobgoblin misses you.
Aiming: Shock (safe; 9% risk of failure)
Press: ? - help, Q - select action Shift-Dir - straight line The zap misses the hobgoblin.
The zap hits the hobgoblin.
You kill the hobgoblin!
Unknown command.
Aiming: Shock (safe; 9% risk of failure)
Press: ? - help, Q - select action Shift-Dir - straight line You miscast Shock.
You are very lightly contaminated with residual magic.
Nothing appears to happen.
The endoplasm freezes you.
You are frozen.
* * * LOW HITPOINT WARNING * * *
The ball python bites you but does no damage.
The ball python grabs you. The ball python constricts you.
* * * LOW HITPOINT WARNING * * *
Aiming: Shock (safe; 9% risk of failure)
Press: ? - help, Q - select action Shift-Dir - straight line The zap hits the ball python.
The ball python is moderately wounded.
The zap hits the ball python.
You kill the ball python!
The endoplasm hits you but does no damage.
Your magical contamination has completely faded away.
Aiming: Shock (safe; 9% risk of failure)
Press: ? - help, Q - select action Shift-Dir - straight line The zap hits the endoplasm.
The endoplasm is heavily wounded.
The zap hits the endoplasm.
The endoplasm is almost dead.
The endoplasm freezes you.
You are frozen.
You die...

#######.######
#.............##.
..#.......†.#.
#....†..#####...
.#...........#.##.######
## #.....#.#.....###.#
......#.#......##.#
......#.#......##.#
....#.#.# #....##.#
...##.#.#.##...##J#
.....⌠#.#⌠.....#@.#
..#####.#####..#.##
.......<.........#
..#####†#####..### ...
#.#⌠.....# ...#
#.#.##...# ....#
#.#.#....#
......#.#......#
......#.#......#


You could see an endoplasm.

Vanquished Creatures
  A goblin (D:1)
  A hobgoblin (D:1)
  A kobold (D:1)
  2 ball pythons (D:1)
  A bat (D:1)
  A frilled lizard (D:1)
  A rat (D:1)
8 creatures vanquished.

Notes
Turn   | Place    | Note
-------+----------+-------------------------------------------
     0 | D:1      | pkoi the Demigod Air Elementalist began the quest for the
                  | Orb.
     0 | D:1      | Reached XP level 1. HP: 14/14 MP: 5/5
   149 | D:1      | Reached skill level 3 in Air Magic
   252 | D:1      | Frozen to death by an endoplasm

Illustrated notes

Levels and vault maps discovered:
D:1:      matt_arrival_grand_opening, layout_loops_ring,
          minmay_misc_feat_diagonals, minmay_cut_off

Skill      XL: |  1 |
---------------+----+-----
Air Magic      | 3 |  3.2
Dodging        | |  1.7
Stealth        | |  1.7
Spellcasting   | |  1.7
Conjurations   | |  0.8

Action                   || total
-------------------------++-------
Melee: Falchion          ||     6
       Short sword       ||     4
       Unarmed           ||     1
 Cast: Shock             ||    11
 Stab: Sleeping          ||     2
Armor: Robe              ||     7
Dodge: Dodged            ||     4
